 Dungeon Crawl Stone Soup version 0.18-a0-801-gb01a236 (webtiles) character file.

504 JokEr the Skirmisher (level 7, -4/50 HPs)
             Began as an Octopode Fighter on Dec 14, 2015.
             Slain by an orc wizard
             ... wielding a +0 dagger
              (5 damage)
             ... on level 4 of the Dungeon.
             The game lasted 00:04:22 (3576 turns).

JokEr the Skirmisher (Octopode Fighter)             Turns: 3576, Time: 00:04:22

Health: -4/50      AC:  1    Str: 23    XL:     7   Next: 17%
Magic:  7/7        EV: 11    Int: 10    God:
Gold:   148        SH: 10    Dex: 11    Spells: 0 memorised, 6 levels left

rFire  . . .     SeeInvis .     a - +1 war axe
rCold  . . .     Clarity  .     b - +1 shield
rNeg   . . .     SustAt   .     (helmet restricted)
rPois  .         Gourm    .     (no amulet)
rElec  .         Spirit   .     (no ring)
rCorr  .         Dismiss  .     (no ring)
rMut   .         Stasis   .     (no ring)
MR     .....                    (no ring)
Stlth  ++........               (no ring)
                                (no ring)
                                (no ring)
                                (no ring)

@: mighty, not resistant to hostile enchantments, unstealthy
A: almost no armour, amphibious, 8 rings, constrict 8, camouflage 1, gelatinous
body 1
a: no special abilities


You were on level 4 of the Dungeon.
You were not hungry.

You visited 1 branch of the dungeon, and saw 4 of its levels.

You collected 148 gold pieces.

Inventory:

Hand Weapons
 a - a +1 war axe (weapon)
Armour
 b - a +1 shield (worn)
Jewellery
 k - an uncursed ring of protection from cold
Scrolls
 e - 5 scrolls of identify
Potions
 c - a potion of might
 f - a potion of brilliance {unknown}
 g - 2 potions of haste {unknown}
 j - 2 potions of heal wounds {unknown}
 m - a potion of cure mutation {unknown}
 n - 2 potions of magic {unknown}
 q - 2 potions of curing {unknown}
Comestibles
 d - 3 bread rations
 h - a royal jelly
 i - 2 meat rations
 l - 2 slices of pizza


   Skills:
 + Level 5.2 Fighting
 + Level 4.5 Axes
 + Level 5.1 Dodging
 - Level 3.0 Shields


You had 6 spell levels left.
You didn't know any spells.

Dungeon Overview and Level Annotations

Branches:
Dungeon (4/15)
 Temple: D:4-7

Altars:
Cheibriados
Qazlal

Shops:
D:4 *


Innate Abilities, Weirdness & Mutations

You cannot wear most types of armour.
You are amphibious.
You can wear up to eight rings at the same time.
You can use your tentacles to constrict eight enemies at once.
Your skin changes colour to match your surroundings (Stealth).
Your rubbery body absorbs attacks (AC +1).


Message History

Something hits you.
You closely miss something. Something hits you. Something hits you.
You slash something! Something hits you. Something hits you.
* * * LOW HITPOINT WARNING * * *
You miss something.
You hear some strange, mumbled words.
A magic dart appears from out of thin air!
The magic dart hits you!
* * * LOW HITPOINT WARNING * * *
You block its attack.
You miss something. You block its attack.
You hear some strange, mumbled words.
A puff of flame appears from out of thin air!
The puff of flame hits you!
* * * LOW HITPOINT WARNING * * *
Something hits you but does no damage.
Drink which item? (? for menu, Esc to quit)
You feel very mighty all of a sudden. Something hits you.
You die...

.# ### #.# ..# #.#
#.# #.# #{# #.# #
###.##@## #.#.#
.........####.#.#
####............#
######
####.......#####.....
##............####
##############


There were no monsters in sight!

Vanquished Creatures
  Sigmund (D:2)
  A scorpion (D:4)
  An orc wizard (D:4)
  A hound (D:4)
  An orc priest (D:4)
  Crazy Yiuf (D:2)
  Terence (D:3)
  2 worker ants (D:4)
  Robin (D:3)
  3 adders
  An ooze (D:1)
  3 worms (D:2)
  4 orcs
  A ball python (D:2)
  8 bats
  3 giant cockroaches
  13 goblins
  5 hobgoblins
  7 kobolds
  3 giant geckos
  4 giant newts
  5 rats
70 creatures vanquished.

Notes
Turn   | Place    | Note
--------------------------------------------------------------
     0 | D:1      | JokEr the Octopode Fighter began the quest for the Orb.
     0 | D:1      | Reached XP level 1. HP: 16/16 MP: 1/1
   154 | D:1      | Reached XP level 2. HP: 19/21 MP: 2/2
   634 | D:1      | Reached XP level 3. HP: 26/26 MP: 3/3
  1395 | D:2      | Noticed Sigmund
  1401 | D:2      | Killed Sigmund
  1401 | D:2      | Reached skill level 4 in Fighting
  1401 | D:2      | Reached XP level 4. HP: 34/34 MP: 4/4
  1401 | D:2      | Reached XP level 5. HP: 38/38 MP: 5/5
  1595 | D:2      | Noticed Crazy Yiuf
  1601 | D:2      | Killed Crazy Yiuf
  1601 | D:2      | Reached XP level 6. HP: 8/44 MP: 6/6
  2090 | D:2      | Found a stormy altar of Qazlal.
  2541 | D:3      | Noticed Terence
  2551 | D:3      | Killed Terence
  2805 | D:3      | Noticed Robin
  2817 | D:3      | Killed Robin
  3199 | D:4      | Found Bituw's Assorted Antiques.
  3199 | D:4      | Found a snail-covered altar of Cheibriados.
  3430 | D:4      | Reached skill level 5 in Fighting
  3433 | D:4      | Reached XP level 7. HP: 44/50 MP: 7/7
  3565 | D:4      | Reached skill level 5 in Dodging
  3575 | D:4      | HP: 1/50 [something/puff of flame (8)]
  3576 | D:4      | Slain by an orc wizard

Vault maps used:
D:1:      dpeg_arrival_boxes_within_box
D:2:      marbit_many_paths, uniq_sigmund, uniq_crazy_yiuf_cottage
D:3:      portal_sewer_entry_b, uniq_terence, uniq_robin
D:4:      minitemple, old_standard_altar, gammafunk_temple_overflow_pools,
          first_bread, serial_shops, shop

Action                   |  1- 3 |  4- 6 |  7- 9 || total
-------------------------+-------+-------+-------++-------
Melee: War axe           |    55 |    73 |    11 ||   139
  Use: Scroll            |     3 |     4 |       ||     7
       Potion            |       |     1 |     1 ||     2
 Stab: Sleeping          |     6 |     9 |       ||    15
       Distracted        |       |     1 |       ||     1
  Eat: Chunk             |     2 |     2 |       ||     4
       Bread ration      |       |     1 |       ||     1
